 Dungeon Crawl Stone Soup version 0.31-a0-948-gf5be29c462 (webtiles) character file.

Game seed: 7309588721471099469

549 Bnni the Shooter (level 7, -2/44 HPs)
             Began as a Tengu Hunter on Oct 21, 2023.
             Slain by a black bear (12 damage)
             ... on level 4 of the Dungeon.
             The game lasted 00:04:26 (3744 turns).

Bnni the Shooter (Tengu Hunter)                     Turns: 3744, Time: 00:04:26

Health: -2/44      AC:  4    Str: 11    XL:     7   Next: 28%
Magic:  8/8        EV: 17    Int: 10    God:
Gold:   291        SH:  0    Dex: 19    Spells: 6/6 levels left

rFire   . . .        q - +3 dagger (venom)
rCold   . . .        (no shield)
rNeg    . . .        c - +0 leather armour
rPois   .            (helmet restricted)
rElec   .            h - +0 cloak
rCorr   .            (no gloves)
SInv    .            (boots unavailable)
Will    .....        (no amulet)
Stlth   ++           (no ring)
HPRegen 0.27/turn    (no ring)
MPRegen 0.11/turn

%: acrobat
@: flying
A: beak, talons 3, evasive flight, acrobatic
a: no special abilities


You were on level 4 of the Dungeon.
You visited 1 branch of the dungeon, and saw 5 of its levels.

You collected 291 gold pieces.

Inventory:

Hand Weapons
 a - a +0 shortbow
 q - a +3 dagger of venom (weapon)
Missiles
 f - 4 poisoned darts
Armour
 c - a +0 leather armour (worn)
 h - a +0 cloak (worn)
Jewellery
 n - a ring of see invisible
 o - a ring of resist corrosion
Scrolls
 b - a scroll of butterflies
 e - 2 scrolls of torment {unknown}
 g - 6 scrolls of identify {unknown}
 j - 3 scrolls of blinking {unknown}
 m - a scroll of teleportation {unknown}
 s - a scroll of brand weapon {unknown}
 u - a scroll of revelation {unknown}
 v - a scroll of fog {unknown}
Potions
 d - 2 potions of curing
 i - a potion of resistance {unknown}
 k - a potion of heal wounds {unknown}
 l - a potion of brilliance {unknown}
 p - a potion of haste {unknown}
 r - a potion of might {unknown}
 t - a potion of attraction {unknown}


   Skills:
 + Level 4.6 Fighting
 * Level 7.9 Ranged Weapons
 + Level 2.9 Dodging
 - Level 1.0 Stealth


You had 6 spell levels left.
You didn't know any spells.
Your spell library contained the following spells:

 Spells                   Type           Power      Damage    Failure   Level
 Magic Dart               Conj           0%         1d3       45%         1
 Blink                    Tloc           0%         N/A       58%         2
 Cigotuvi's Dreadful Rot  Necr/Pois/Air  0%         N/A       58%         2
 Ensorcelled Hibernation  Hex/Ice        0%         N/A       58%         2
 Jinxbite                 Hex            0%         N/A       58%         2
 Lesser Beckoning         Tloc           0%         N/A       58%         2
 Momentum Strike          Conj/Tloc      0%         3d8       58%         2
 Searing Ray              Conj           0%         2d4       58%         2
 Gell's Gravitas          Tloc           0%         N/A       83%         3
 Teleport Other           Tloc           0%         N/A       83%         3
 Anguish                  Hex/Necr       0%         N/A       99%         4
 Dispel Undead            Necr           0%         3d6       99%         4
 Fulminant Prism          Conj/Hex       0%         3d5       99%         4
 Death Channel            Necr           0%         N/A       100%        6


Dungeon Overview and Level Annotations

Branches:
Dungeon (5/15)
 Temple: D:4-7

Altars:
Vehumet
Yredelemnul

Shops:
D:5 (


Innate Abilities, Weirdness & Mutations

You have a beak for a mouth.
You have claws for feet.
Your magical flight helps you evade attacks. (EV +4)
You can magically evade attacks while moving or waiting.


Message History

The black bear is lightly wounded.
The black bear bites you! The black bear misses you.
The black bear barely misses you.
The black bear attacks as it pursues you!
The black bear completely misses you. The black bear closely misses you.
The black bear misses you.
There is a stone staircase leading up here.
The black bear completely misses you. The black bear closely misses you.
The black bear misses you.
You fly upwards.
There is a stone staircase leading down here.
You completely miss the black bear. Your peck misses the black bear.
The black bear is heavily wounded.
The black bear bites you!
* * * LOW HITPOINT WARNING * * *
The black bear barely misses you. The black bear closely misses you.
You hit the black bear but do no damage.
The black bear looks even sicker.
You claw the black bear, but do no damage.
The black bear is heavily wounded.
The black bear bites you but does no damage.
The black bear completely misses you.
The black bear claws you but does no damage.
You barely miss the black bear.
The black bear is heavily wounded.
The black bear bites you but does no damage.
The black bear barely misses you. x2
You hit the black bear.
The black bear looks as sick as possible!
You claw the black bear. Your peck misses the black bear.
The black bear is severely wounded.
The black bear goes berserk!
Unknown command.
You hit the black bear. You peck the black bear.
The black bear is almost dead.
The black bear barely misses you. The black bear claws you.
* * * LOW HITPOINT WARNING * * *
The black bear claws you but does no damage.
The black bear bites you!
You die...

##### ## #...# .# ###...###
.##########.......#
..................#
###########.....@.##########
###..h...........#
##########
#...########...######
#........# ##### #......[.#
#.######.# ##### #...####.#
##.# #.# #...########..# #.#
...# #.# #.............# #.#
#### #.####...#########.#
#.# #.......## #.# #.#


You could see a black bear (berserk, extremely poisoned).

Vanquished Creatures
  An ice beast (D:5)
  An ogre (D:4)
  A scorpion (D:4)
  An orc priest (D:3)
  A hound (D:5)
  2 iguanas
  An orc wizard (D:4)
  5 adders
  4 gnolls (D:4)
  A white imp (D:4)
  A worm (D:4)
  3 dart slugs
  10 orcs
  9 ball pythons
  3 endoplasms
  2 giant cockroaches
  7 goblins
  7 hobgoblins
  8 jackals
  3 quokkas
  7 bats
  4 frilled lizards
  8 kobolds
  3 rats
93 creatures vanquished.

Notes
Turn   | Place    | Note
-------+----------+-------------------------------------------
     0 | D:1      | Bnni the Tengu Hunter began the quest for the Orb.
     0 | D:1      | Reached XP level 1. HP: 12/12 MP: 2/2
    76 | D:1      | Reached XP level 2. HP: 17/17 MP: 3/3
   619 | D:1      | Reached skill level 5 in Ranged Weapons
   781 | D:2      | Reached XP level 3. HP: 22/22 MP: 4/4
   806 | D:2      | Found a basalt altar of Yredelemnul.
  1003 | D:2      | Reached XP level 4. HP: 22/27 MP: 5/5
  1985 | D:3      | Reached skill level 6 in Ranged Weapons
  1985 | D:3      | Reached XP level 5. HP: 30/32 MP: 6/6
  2625 | D:4      | Reached XP level 6. HP: 36/38 MP: 7/7
  2745 | D:4      | Reached skill level 7 in Ranged Weapons
  2932 | D:4      | Found a radiant altar of Vehumet.
  3454 | D:5      | Entered Level 5 of the Dungeon
  3641 | D:5      | Found Ziojan's Antique Weapon Shop.
  3644 | D:5      | Noticed an ice beast
  3650 | D:5      | Killed an ice beast
  3651 | D:5      | Gained mutation: Your magical flight helps you evade
                  | attacks. (EV +4) [Tengu growth]
  3651 | D:5      | Reached XP level 7. HP: 26/44 MP: 8/8
  3744 | D:4      | Slain by a black bear

Illustrated notes

Levels and vault maps discovered:
D:1:      dpeg_arrival_central, layout_basic
D:2:      layout_loops_cross, basic_altar
D:3:      layout_basic
D:4:      layout_loops_ring, kennysheep_mini
D:5:      layout_rooms, zin_academy, minmay_temple_entry_nine_rooms,
          grunt_decor_arrowhead, nicolae_take_the_stairs

Skill      XL: |  1  2  3  4  5  6 |
---------------+-------------------+-----
Ranged Weapons | 5 6 7 |  7.9
Fighting       | 3 4 |  4.6
Dodging        | |  2.9
Stealth        | |  1.0

Action                     |  1- 3 |  4- 6 |  7- 9 || total
---------------------------+-------+-------+-------++-------
  Melee: Dagger            |       |    45 |    11 ||    56
         Kick              |       |    18 |     3 ||    21
         Peck              |       |    13 |     3 ||    16
   Fire: Shortbow          |    88 |   145 |     5 ||   238
  Throw: Dart              |       |     1 |     1 ||     2
    Use: Potion            |       |     2 |       ||     2
 Armour: Leather armour    |    17 |    56 |    12 ||    85
  Dodge: Dodged            |    18 |    62 |    30 ||   110

Table legend: (Time is in decaauts)
 A = Elapsed time spent in this place.
 B = Non-inter-level travel time spent in this place.
 C = Inter-level travel time spent in this place.
 D = Time resting spent in this place.
 E = Time spent auto-exploring this place.
 F = Levels seen in this place.
 G = Mean time per level.
                   A        B        C        D        E       F      G
               +--------+--------+--------+--------+--------+-----+--------+
         Total |   3771 |   3618 |    153 |    183 |   2831 |   5 |  754.2 |
       Dungeon |   3771 |   3618 |    153 |    183 |   2831 |   5 |  754.2 |
               +--------+--------+--------+--------+--------+-----+--------+

Top non-repeatable levels by time:
     D:4: 1108 daAuts
     D:3: 964 daAuts
     D:2: 709 daAuts
     D:1: 707 daAuts
     D:5: 281 daAuts
